 Dungeon Crawl Stone Soup version 0.21-a0-155-gb8a8bae (webtiles) character file.

272478 grisnicke the Black Belt (level 19, 152/152 HPs)
             Began as a Vampire Transmuter on Aug 1, 2017.
             Was the Champion of Yredelemnul.
             Quit the game on level 3 of the Vaults on Aug 3, 2017.
             The game lasted 06:57:04 (46811 turns).

grisnicke the Black Belt (Vampire Transmuter)      Turns: 46811, Time: 06:57:04

Health: 152/152    AC: 28    Str: 10    XL:     19   Next: 48%
Magic:  44/44      EV: 19    Int: 24    God:    Yredelemnul [******]
Gold:   447        SH:  4    Dex: 17    Spells: 15/42 levels left

rFire    + . .     SeeInvis +     - Unarmed
rCold    + . .     Gourm    .   (no shield)
rNeg     . . .     Faith    .   P - +4 acid dragon scales
rPois    +         Spirit   .   i - +2 helmet of the Jolly Tables {MR+ Int+2}
rElec    +         Reflect  +   K - +1 cloak {rPois}
rCorr    +         Harm     .   V - +1 pair of gloves
MR       ++...                  w - +1 pair of boots {run}
Stlth    ++........             g - +4 amulet of reflection
HPRegen  0.55/turn              r - +6 ring of protection
MPRegen  0.29/turn              W - ring "Inoxux Divi" {rC+ MP+9 Int+2}

@: regenerating quickly, wreathed by umbra, quick
A: fangs 3, see invisible, fire resistance 1, electricity resistance, wild magic
1, unbreathing
}: 2/15 runes: decaying, gossamer
a: Recall Undead Slaves, Injury Mirror, Animate Dead, Drain Life, Enslave Soul,
Renounce Religion


You were on level 3 of the Vaults.
You worshipped Yredelemnul.
Yredelemnul was exalted by your worship.
You were very full.

You visited 6 branches of the dungeon, and saw 34 of its levels.
You also visited: Sewer, Ossuary and Ice Cave.

You collected 3320 gold pieces.
You spent 2873 gold pieces at shops.

Inventory:

Hand Weapons
 b - a +4 blowgun
   (You took it off a kobold in a sewer)
Missiles
 a - 756 arrows
 f - 15 javelins (quivered)
 m - 49 poisoned needles
 o - a throwing net {=f, !d}
 E - 8 curare-tipped needles
Armour
 i - the +2 helmet of the Jolly Tables (worn) {MR+ Int+2}
   (You bought it in a shop on level 2 of the Orcish Mines)

   It affects your intelligence (+2).
   It affects your resistance to hostile enchantments.
 w - a +1 pair of boots of running (worn)
   (You found it in an ice cave)
 K - a +1 cloak of poison resistance (worn)
   (You took it off Nikola on level 3 of the Swamp)
 P - +4 acid dragon scales (worn)
   (You found it on level 15 of the Dungeon)
 V - a +1 pair of gloves (worn)
   (You found it on level 8 of the Dungeon)
Jewellery
 e - an uncursed ring of wizardry {Wiz+, !d}
   (You found it on level 1 of the Dungeon)
 g - a +4 amulet of reflection (around neck)
   (You bought it in a shop on level 2 of the Orcish Mines)
 r - a +6 ring of protection (left hand)
   (You found it on level 4 of the Lair of Beasts)
 T - an uncursed ring of positive energy {rN+}
   (You found it on level 8 of the Dungeon)
 W - the ring "Inoxux Divi" (right hand) {rC+ MP+9 Int+2}
   (You acquired it on level 2 of the Spider Nest)

   [ring of magical power]

   It affects your intelligence (+2).
   It protects you from cold.
   It affects your magic capacity (+9).
Wands
 F - a wand of clouds (3/9)
   (You found it on level 5 of the Lair of Beasts)
 G - a wand of paralysis (12/24)
   (You found it on level 10 of the Dungeon)
 H - a wand of iceblast (2/15)
   (You found it on level 5 of the Dungeon)
 J - a wand of scattershot (1/9)
   (You found it on level 6 of the Dungeon)
 R - a wand of digging (18/24)
   (You found it on level 3 of the Spider Nest)
 S - a wand of acid (6/15)
   (You found it on level 7 of the Dungeon)
 U - a wand of acid (1/15)
   (You found it on level 2 of the Vaults)
 Z - a wand of lightning (5/15)
   (You found it on level 10 of the Dungeon)
Scrolls
 d - 10 scrolls of remove curse
 j - a scroll of fog
 p - 3 scrolls of magic mapping {!r}
 q - 8 scrolls of teleportation
 s - a scroll of identify
 t - 3 scrolls of blinking {!r}
 I - 4 scrolls of recharging
 N - 2 scrolls of fear
 Y - 4 scrolls of immolation {!r}
Potions
 c - 4 potions of resistance
 h - 4 potions of might
 l - 8 potions of lignification {!q}
 n - 9 potions of curing
 u - 6 potions of agility
 v - 5 potions of berserk rage {!q}
 z - 3 potions of invisibility
 B - 5 potions of ambrosia
 C - 3 potions of brilliance
 D - 8 potions of heal wounds
 L - a potion of magic
 M - 6 potions of cancellation
 O - 24 potions of blood {@q1}
 X - 7 potions of haste
Miscellaneous
 k - a box of beasts
 x - a lamp of fire
   (You found it on level 11 of the Dungeon)
 y - a fan of gales
   (You found it on level 1 of the Swamp)
 A - a sack of spiders


   Skills:
 + Level 14.1 Fighting
 - Level 7.2 Armour
 - Level 11.9 Dodging
 - Level 16.5 Unarmed Combat
 - Level 12.0 Spellcasting
 - Level 3.6 Translocations
 + Level 16.0 Transmutations
 - Level 4.0 Ice Magic
 - Level 1.2 Poison Magic
 - Level 12.8 Invocations
 - Level 6.7 Evocations


You had 15 spell levels left.
You knew the following spells:

 Your Spells              Type           Power        Failure   Level  Hunger
a - Beastly Appendage     Tmut           ######       1%          1    None
b - Ice Form              Ice/Tmut       ######..     2%          4    None
c - Spider Form           Tmut/Pois      ######....   1%          3    None
d - Blink                 Tloc           N/A          4%          2    None
e - Dragon Form           Tmut           #######...   11%         7    ######.
s - Sticks to Snakes      Tmut           #######.     1%          2    None
x - Blade Hands           Tmut           #######...   1%          5    ###....
A - Ozocubu's Armour      Chrm/Ice       ####....     13%         3    None


Dungeon Overview and Level Annotations

Branches:
Dungeon (15/15)            Temple (0/1) D:6            Lair (6/6) D:11
  Swamp (4/4) Lair:3       Spider (4/4) Lair:2        Slime (0/5) Lair:5
    Orc (2/2) D:11            Elf (0/3) Orc:2        Vaults (3/5) D:14
  Crypt (0/3) Vaults:3     Depths (0/5) D:15

Altars:
Cheibriados
Dithmenos
Elyvilon
Nemelex Xobeh
Qazlal
Uskayaw
Wu Jian
Xom
Yredelemnul
Zin
The Shining One
Beogh
Jiyva

Shops:
D:6 (   D:12 [   D:13 }   D:14 [   Orc:1 [([!   Orc:2 ::*(=[[}

Annotations:
D:4 tsouns's ghost, amateur MiIE


Innate Abilities, Weirdness & Mutations

Your natural rate of healing is unusually fast.
You have razor-sharp teeth.
You have supernaturally acute eyesight. (SInv)
You can survive without breathing.
Your flesh is heat resistant. (rF+)
You are resistant to electric shocks. (rElec)
Your spells are a little harder to cast, but a little more powerful.


Message History

Things that are here:
a giant club x2; a two-headed ogre corpse You bottle the corpse's blood.
O - 25 potions of blood {@q1} (gained 2)
Things that are here:
a giant club x2; a two-headed ogre skeleton You swap places.
Items here: ))) [ รท a giant club; a giant spiked club; a morningstar; a ring mail a two-headed ogre skeleton You start resting.
Your vampire knight waves at you.
Your vampire yells, "Run!
I'll cover you!"
You feel a little less clever now.
You regained 19 hp, and now have 115/228 hp.
MP restored: 44 You start resting.
Your vampire knight shouts, "Die, monster!"
Your vampire knight yells, "Run!
I'll cover you!"
Your transformation is almost over.
You regained 28 hp, and now have 143/228 hp.
You start resting.
Your transformation has ended.
Your +1 cloak of poison resistance unmelds from your body.
The +2 helmet of the Jolly Tables {MR+ Int+2} unmelds from your body.
Your +1 pair of gloves unmelds from your body.
Your +1 pair of boots of running unmelds from your body.
Your +4 acid dragon scales unmelds from your body.
You feel resistant to poison.
You feel quick.
You now have 100/152 hp.
You start resting.
Your vampire smiles happily.
Your vampire shouts, "Vampires are the best!"
Your vampire knight says, "Be careful!"
Your vampire knight shouts, "No mercy!
Kill them all!"
Your vampire shouts, "Die, monster!"
One of your 25 potions of blood {@q1} rots away.
You regained 49 hp, and now have 149/152 hp.
You swap places.
Things that are here:
an uncursed arbalest; 14 bolts You swap places.
Things that are here:
an arbalest; 11 bolts Unknown command.
You swap places.
Health restored: 152
There is an open door here.
There is a huge open gate here.
Saving game... please wait.
Welcome back, grisnicke the Vampire Transmuter.
Yredelemnul says: Carry the black torch!
Rouse the idle dead!
There is a huge open gate here.
There is a large open door here.
a - 741 arrows (gained 18)
You see here a pair of boots.
There is a large open door here.
You swap places.
You swap places.
You swap places.
You swap places.
There is a huge open gate here.
You swap places.
You swap places.
You swap places.
You swap places.
You swap places.
You swap places.
You swap places.
You swap places.
You swap places.
You swap places.
You swap places.
You swap places.
There is a huge open gate here.
You swap places.
You swap places.
You swap places.
You swap places.
You swap places.
There is an open door here.
a - 742 arrows (gained 1)
There is an open door here.
You see here a bolt.
a - 743 arrows (gained 1)
a - 744 arrows (gained 1)
a - 745 arrows (gained 1)
a - 746 arrows (gained 1)
a - 747 arrows (gained 1)
You swap places.
a - 751 arrows (gained 4)
You swap places.
You see here a bolt.
a - 755 arrows (gained 4)
a - 756 arrows (gained 1)
There is an open door, spattered with blood here.
Things that are here:
25 bolts; an arbalest
Things that are here:
12 bolts; an arbalest; a yaktaur skeleton #''''# ... #..Zn# #... ##.VZZ## #... #ZnVVW.# #... #.WzzVV#

#...
#######'#####################...
........D.....).................
............n()[........W.......
...........VZ(Z@............WV.(
#####'#####(##n##############WV.
#.....Z..zDA#


#Dnz #.#...#.(z#.# #.n. #..))....Z(.# ########.Z. #.)(#..(#...# #..)...z.Vz
#...........# #......#W.. . #.#...>...#$# #......#)Z. ...#...........#
#(.....#Wn. You could see 2 friendly bone dragons, a friendly profane servitor,
2 friendly ghouls, a friendly vampire knight, 3 friendly skeletal warriors, 2
friendly vampires, a friendly wolf spider zombie, a friendly two-headed ogre
zombie and a friendly ironbrand convoker zombie.

Vanquished Creatures
  Boris (Vaults:3)
  Rupert (Spider:1)
  A thorn hunter (Swamp:4)
  A tengu reaver (Vaults:2)
  A ghost moth (Spider:4)
  An orc warlord (Orc:2)
  Aizul (Swamp:3)
  An emperor scorpion (Spider:4)
  2 vault wardens
  8 ironheart preservers
  A very ugly thing (Vaults:2)
  3 entropy weavers
  A deep elf annihilator (Vaults:1)
  A spark wasp (Spider:3)
  2 deep elf death magi (Vaults:1)
  An ettin (Vaults:2)
  Josephine (Swamp:1)
  4 yaktaur captains
  14 hydras
  A catoblepas (D:14)
  2 ice dragons
  A merfolk avatar (Lair:6)
  7 ogre magi
  10 vault guards
  5 alligators
  5 centaur warriors
  A queen ant (Spider:3)
  2 death knights
  2 tengu warriors (D:15)
  21 two-headed ogres
  3 death yaks
  4 deep elf knights (Vaults:3)
  3 skeletal warriors
  A spriggan druid (Swamp:3)
  8 unseen horrors
  3 wizards
  A glowing orange brain (shapeshifter) (D:15)
  A shambling mangrove (Swamp:4)
  6 swamp dragons
  A deep elf archer (Vaults:3)
  4 ironbrand convokers
  A necromancer (IceCv)
  A wolf spider zombie (Spider:3)
  6 orb spiders
  An orc knight (Orc:2)
  6 harpies
  3 deep elf magi
  2 orc sorcerers (Orc:2)
  21 wolf spiders
  16 ugly things
  6 cyclopes
  2 centaur zombies
  A moth of wrath (Spider:4)
  10 elephants
  A manticore (D:12)
  Maurice (D:11)
  4 vault sentinels
  3 ice statues (IceCv)
  2 torpor snails
  A black mamba (Lair:4)
  A gargoyle (D:14)
  Joseph (D:8)
  5 rime drakes
  14 spiny frogs
  An efreet (D:13)
  4 freezing wraiths
  6 komodo dragons
  9 yaktaurs
  A tengu conjurer (D:13)
  5 demonic crawlers
  A kobold demonologist (D:14)
  5 ice devils (IceCv)
  2 meliai (D:15)
  10 trolls
  2 polar bears
  6 tyrant leeches
  19 jumping spiders
  4 hornets
  4 bog bodies
  11 blink frogs
  3 hippogriffs
  14 slime creatures
  58 redbacks
  17 tarantellas
  2 shadows (Swamp:2)
  2 wyverns
  7 wraiths
  41 yaks
  A spriggan (shapeshifter) (Vaults:3)
  A vampire (Lair:5)
  A basilisk (Lair:1)
  11 vampire mosquitoes
  4 hungry ghosts
  An insubstantial wisp (Swamp:4)
  7 wargs
  9 swamp worms
  13 soldier ants
  Duvessa (D:5)
  2 acid dragons
  The ghost of Yermak the Sneak, an amateur SpFi (Sewer)
  7 water moccasins
  8 porcupines
  7 swamp drakes
  3 eyes of draining
  4 sky beasts
  2 black bears (D:11)
  3 ice beasts
  23 orc warriors
  19 ogres
  A necrophage (D:8)
  3 boggarts
  A phantom (D:5)
  9 centaurs
  8 crocodiles
  14 bullfrogs
  3 big kobolds
  5 water moccasin zombies (Ossuary)
  Dowan (D:5)
  A wyvern skeleton (D:13)
  3 scorpions
  2 killer bees (D:9)
  8 wights
  2 electric eels
  8 howler monkeys
  A draconian simulacrum (IceCv)
  7 crimson imps
  4 bullfrog zombies
  A quasit (D:8)
  3 jellies
  15 orc priests
  A bullfrog skeleton (D:5)
  4 hounds
  2 centaur skeletons
  22 orc wizards
  2 gnoll shamans
  3 iguanas
  A porcupine zombie (Lair:5)
  4 troll simulacra (IceCv)
  17 worker ants
  A centaur simulacrum (IceCv)
  A mummy (Ossuary)
  2 ogre simulacra (IceCv)
  8 adders
  10 gnolls
  2 naga simulacra (IceCv)
  2 shadow imps
  6 adder zombies (Ossuary)
  2 worms (D:6)
  2 dart slugs (D:1)
  4 leopard geckos
  71 orcs
  5 ball pythons
  5 bats
  4 giant cockroaches
  7 goblins
  7 hobgoblins
  21 jackals
  19 kobolds
  3 quokkas
  9 frilled lizards
  2 gnoll zombies (Ossuary)
  4 hobgoblin zombies (Ossuary)
  6 kobold zombies (Ossuary)
  7 orc zombies (Ossuary)
  2 quokka zombies
  7 rats
  4 briar patches (Swamp:4)
  A fungus (Lair:6)
  9 plants
998 creatures vanquished.

Vanquished Creatures (collateral kills)
  Bai Suzhen (Swamp:3)
  Saint Roka (Orc:2)
  Nikola (Swamp:3)
  Arachne (Spider:2)
  Asterion (Spider:1)
  2 tengu reavers (Vaults:3)
  The ghost of Patate the Bludgeoner, an adept MiBe of Trog (Orc:2)
  Agnes (Spider:1)
  2 thorn hunters
  Roxanne (Swamp:1)
  A revenant (Vaults:3)
  3 vault wardens
  2 ghost moths (Spider:4)
  2 fire giants
  6 emperor scorpions
  Louise (Swamp:4)
  4 entropy weavers
  A very ugly thing (Swamp:4)
  2 ironheart preservers (Vaults:3)
  A dire elephant (Lair:6)
  4 spark wasps
  2 eidola (Vaults:3)
  A jiangshi (Vaults:3)
  A crystal guardian (Vaults:3)
  2 yaktaur captains (Vaults:3)
  An ice dragon (Vaults:2)
  A hydra (shapeshifter) (Vaults:3)
  2 vault guards (Vaults:1)
  11 hydras
  A centaur warrior (Vaults:3)
  A ghost crab (Swamp:3)
  2 ogre magi (Vaults:3)
  10 two-headed ogres
  3 death yaks
  A death knight (D:11)
  4 alligators (Swamp:4)
  An orc high priest (Orc:2)
  A shock serpent (Lair:5)
  3 spriggans
  5 deep elf knights
  2 shadow wraiths
  2 skeletal warriors
  A deep troll (Vaults:3)
  An unseen horror (D:11)
  A glowing orange brain (Vaults:3)
  A necromancer (Vaults:3)
  6 swamp dragons
  2 harpies
  A shambling mangrove (Swamp:4)
  A deep elf archer (Vaults:3)
  5 ironbrand convokers
  6 orc knights
  16 orb spiders
  An ugly thing (D:15)
  3 oklob plants (Lair:3)
  A faun (shapeshifter) (Vaults:1)
  5 deep elf magi
  3 cyclopes (Vaults:2)
  29 wolf spiders
  A manticore (D:11)
  2 orc sorcerers (Orc:2)
  2 black mambas
  2 moths of wrath
  3 torpor snails
  3 elephants (Lair:2)
  6 vault sentinels
  2 centaur skeletons (D:14)
  2 freezing wraiths
  7 spiny frogs
  12 yaktaurs
  3 rime drakes (Lair:6)
  4 komodo dragons
  10 demonic crawlers
  2 tengu conjurers (D:15)
  2 polar bears (Lair:6)
  A queen bee (shapeshifter) (Vaults:1)
  39 jumping spiders
  2 tyrant leeches (Swamp:1)
  A meliai (D:15)
  4 hippogriffs
  7 bog bodies
  10 hornets
  6 slime creatures
  A jumping spider zombie (Spider:2)
  9 blink frogs
  16 tarantellas
  6 wraiths
  53 redbacks
  25 yaks
  A basilisk (D:14)
  9 swamp worms
  2 vampire mosquitoes
  6 insubstantial wisps
  A porcupine (shapeshifter) (Vaults:3)
  2 acid dragons
  10 soldier ants
  An orb spider zombie (Spider:1)
  2 porcupines
  5 water moccasins
  8 orc warriors
  A sky beast (D:15)
  A black bear (Lair:6)
  3 ice beasts
  4 swamp drakes
  8 ogres
  A boggart (Vaults:3)
  7 centaurs
  A necrophage (D:15)
  4 crocodiles
  4 bullfrogs
  A wyvern zombie (D:8)
  A gnoll sergeant (D:7)
  A glowing shapeshifter simulacrum (Vaults:3)
  A water moccasin zombie (Ossuary)
  A killer bee (D:9)
  A howler monkey (D:11)
  2 human simulacra
  A crimson imp (D:9)
  A bullfrog zombie (D:12)
  3 hounds
  A jelly (D:8)
  7 orc priests
  7 orc wizards
  An iguana (D:6)
  7 worker ants
  A big kobold zombie (Ossuary)
  A hound zombie (D:7)
  A mummy (Ossuary)
  A worker ant zombie (D:9)
  A howler monkey skeleton (D:5)
  3 gnolls
  2 adders (D:5)
  2 shadow imps
  2 leopard geckos
  27 orcs
  A hobgoblin (D:1)
  2 jackals (D:3)
  A kobold (D:8)
  A quokka (D:12)
  3 kobold zombies (Ossuary)
  2 orc zombies (Ossuary)
  A rat (D:6)
  A briar patch (Swamp:4)
  A bush (Lair:6)
  23 fungi
  23 plants
639 creatures vanquished.

Vanquished Creatures (others)
  A storm dragon (Vaults:2)
  A ghoul (Spider:4)
  3 vampire knights
  4 skeletal warriors
  3 flayed ghosts
  A spark wasp zombie (Spider:4)
  7 phantasmal warriors
  8 wolf spider zombies
  An ugly thing zombie (Vaults:3)
  4 centaur zombies
  A swamp worm zombie (Swamp:3)
  26 redback zombies
  An emperor scorpion zombie (Spider:2)
  3 harpy zombies
  A human skeleton (Vaults:1)
  2 hydra zombies
  A demonic crawler zombie (Spider:2)
  A jumping spider (Spider:3)
  A hornet (Swamp:4)
  8 jumping spider zombies
  An alligator zombie (Swamp:4)
  6 tarantella zombies
  8 flying skulls
  A spriggan zombie (Swamp:3)
  4 vampires
  2 wraiths
  A tyrant leech zombie (Swamp:4)
  5 orb spider zombies
  2 spiny frog zombies
  3 hornet zombies
  An elf zombie (Vaults:3)
  A swamp dragon zombie (Swamp:4)
  A ghost crab zombie (Swamp:3)
  2 blink frog zombies (Swamp:4)
  A spiny frog skeleton (Swamp:3)
  7 vampire mosquito zombies
  3 rime drake zombies
  3 human zombies
  A swamp dragon skeleton (Swamp:4)
  A komodo dragon zombie (Lair:6)
  A cyclops zombie (Vaults:2)
  2 water moccasin zombies
  A wyvern zombie (Lair:6)
  7 yak zombies
  2 warg zombies (D:11)
  A water moccasin skeleton (Lair:5)
  A troll zombie (D:13)
  3 wights (D:11)
  3 yak skeletons
  2 bullfrog zombies
  4 bog body skeletons (Swamp:4)
  A worker ant (Spider:3)
  A sky beast zombie (D:14)
  7 ogre zombies
  A hound zombie (D:11)
  A howler monkey zombie (D:14)
  2 worker ant zombies
  A swamp drake zombie (Swamp:4)
  A scorpion zombie (D:6)
  A swamp drake skeleton (Swamp:4)
  An electric eel zombie (Lair:4)
  An iguana skeleton (D:6)
  A frilled lizard skeleton (Sewer)
  A jackal skeleton (D:8)
  A jackal zombie (Sewer)
  14 orc skeletons
  24 orc zombies
  16 fungi
  7 plants
  9 toadstools (Swamp:3)
250 creatures vanquished.

Grand Total: 1887 creatures vanquished

Notes
Turn   | Place    | Note
-------+----------+-------------------------------------------
     0 | D:1      | grisnicke the Vampire Transmuter began the quest for the Orb.
     0 | D:1      | Reached XP level 1. HP: 14/14 MP: 3/3
    10 | D:1      | Reached skill level 1 in Fighting
   298 | D:1      | Reached XP level 2. HP: 19/21 MP: 3/5
   302 | D:1      | Learned a level 2 spell: Sticks to Snakes
   946 | D:1      | Reached skill level 2 in Fighting
  1083 | D:2      | Reached XP level 3. HP: 20/27 MP: 4/6
  1119 | D:2      | Reached skill level 4 in Unarmed Combat
  1161 | D:2      | Found a basalt altar of Yredelemnul.
  1170 | D:2      | Became a worshipper of Yredelemnul the Dark
  1728 | D:3      | Learned a level 3 spell: Spider Form
  1944 | D:3      | Reached XP level 4. HP: 25/34 MP: 3/7
  2119 | D:3      | Reached * piety under Yredelemnul
  2362 | D:4      | Found a hide-covered altar of Uskayaw.
  2499 | D:4      | Reached skill level 1 in Poison Magic
  2537 | D:4      | Found an ornate altar of the Wu Jian Council.
  2604 | D:4      | Found a sand-covered staircase.
  2613 | Ossuary  | Entered an ossuary
  2662 | Ossuary  | Reached skill level 5 in Unarmed Combat
  2662 | Ossuary  | Reached XP level 5. HP: 32/39 MP: 5/8
  2779 | Ossuary  | Reached skill level 3 in Transmutations
  2994 | Ossuary  | Reached ** piety under Yredelemnul
  2994 | Ossuary  | Reached XP level 6. HP: 36/46 MP: 6/10
  3018 | Ossuary  | Reached skill level 3 in Spellcasting
  3035 | Ossuary  | Learned a level 4 spell: Ice Form
  3233 | Ossuary  | Reached skill level 4 in Transmutations
  3233 | Ossuary  | Reached skill level 1 in Ice Magic
  3385 | Ossuary  | HP: 9/46 [mummy (12)]
  3815 | D:4      | Noticed tsouns's ghost (amateur MiIE)
  3892 | D:4      | Found a glowing golden altar of the Shining One.
  3892 | D:4      | Found a white marble altar of Elyvilon.
  3893 | D:4      | Found a glowing silver altar of Zin.
  4267 | D:5      | Entered Level 5 of the Dungeon
  4445 | D:5      | Reached skill level 6 in Unarmed Combat
  4445 | D:5      | Reached XP level 7. HP: 40/51 MP: 8/11
  4579 | D:5      | Reached skill level 2 in Ice Magic
  4877 | D:5      | Reached skill level 1 in Invocations
  5119 | D:5      | Noticed Duvessa
  5271 | D:5      | Reached skill level 5 in Transmutations
  5435 | D:5      | Reached skill level 2 in Invocations
  5524 | D:5      | Noticed Dowan
  5549 | D:6      | Found a staircase to the Ecumenical Temple.
  5559 | D:6      | Reached *** piety under Yredelemnul
  5565 | D:6      | Found Founyuh's Antique Weapon Shop.
  5699 | D:6      | Reached skill level 3 in Invocations
  5824 | D:6      | Reached skill level 6 in Transmutations
  5824 | D:6      | Reached XP level 8. HP: 36/57 MP: 8/12
  5841 | D:6      | Found a glowing drain.
  5878 | Sewer    | Entered a sewer
  6477 | Sewer    | Noticed Yermak's ghost (amateur SpFi)
  6489 | Sewer    | Killed Yermak's ghost
  6489 | Sewer    | Reached skill level 4 in Invocations
  6936 | D:6      | Gained mutation: Armour fits poorly on your strangely shaped body. [potion of mutation]
  6936 | D:6      | Gained mutation: You have sharp toenails. [potion of mutation]
  6936 | D:6      | Gained mutation: You have razor-sharp toenails. [potion of mutation]
  6937 | D:6      | Lost mutation: You have razor-sharp toenails. [potion of mutation]
  6937 | D:6      | Lost mutation: You have sharp toenails. [potion of mutation]
  6937 | D:6      | Gained mutation: You expend magic power (3 MP) to strengthen your wands. [potion of mutation]
  6937 | D:6      | Gained mutation: Your magical capacity is low. (-10% MP) [potion of mutation]
  6937 | D:6      | Lost mutation: Your magical capacity is low. (-10% MP) [potion of mutation]
  6938 | D:6      | Lost mutation: Armour fits poorly on your strangely shaped body. [potion of mutation]
  6938 | D:6      | Lost mutation: You expend magic power (3 MP) to strengthen your wands. [potion of mutation]
  6938 | D:6      | Gained mutation: You are resistant to electric shocks. (rElec) [potion of mutation]
  6938 | D:6      | Gained mutation: Your spells are a little harder to cast, but a little more powerful. [potion of mutation]
  6938 | D:6      | Gained mutation: Your flesh is heat resistant. (rF+) [potion of mutation]
  6966 | D:6      | Learned a level 3 spell: Ozocubu's Armour
  7314 | D:7      | Found a shimmering altar of Xom.
  7314 | D:7      | Found a shimmering altar of Xom.
  7323 | D:7      | Found a shimmering altar of Xom.
  7375 | D:7      | Received a gift from Yredelemnul (a wight)
  7389 | D:7      | Reached skill level 3 in Ice Magic
  7478 | D:7      | Reached **** piety under Yredelemnul
  7583 | D:7      | Found a shadowy altar of Dithmenos.
  7614 | D:7      | Reached skill level 3 in Fighting
  7705 | D:7      | Reached skill level 4 in Ice Magic
  7868 | D:7      | Found a shimmering altar of Xom.
  7878 | D:7      | Found a shimmering altar of Xom.
  7900 | D:7      | Found a shimmering altar of Xom.
  7906 | D:7      | Found a shimmering altar of Xom.
  7965 | D:7      | Reached skill level 7 in Unarmed Combat
  8077 | D:8      | Received a gift from Yredelemnul (a wight)
  8083 | D:8      | Reached XP level 9. HP: 62/64 MP: 8/14
  8089 | D:8      | Noticed Joseph
  8100 | D:8      | Killed Joseph
  8100 | D:8      | Reached skill level 4 in Fighting
  8170 | D:8      | Reached skill level 4 in Spellcasting
  8426 | D:8      | Found a snail-covered altar of Cheibriados.
  8566 | D:8      | Reached skill level 8 in Unarmed Combat
  8574 | D:8      | Reached skill level 5 in Fighting
  8636 | D:8      | Reached skill level 5 in Spellcasting
  8640 | D:8      | Noticed a two-headed ogre
  8644 | D:8      | Killed a two-headed ogre
  9055 | D:9      | Reached ***** piety under Yredelemnul
  9106 | D:9      | Found a sparkling altar of Nemelex Xobeh.
  9242 | D:9      | Received a gift from Yredelemnul (5 flying skulls)
  9258 | D:9      | Found a stormy altar of Qazlal.
  9351 | D:9      | Reached XP level 10. HP: 58/76 MP: 18/18
  9463 | D:9      | Reached skill level 6 in Fighting
  9463 | D:9      | Reached skill level 9 in Unarmed Combat
  9477 | D:9      | Noticed a two-headed ogre
  9480 | D:9      | Noticed a two-headed ogre
  9483 | D:9      | Killed a two-headed ogre
  9483 | D:9      | Reached skill level 6 in Spellcasting
  9487 | D:9      | Killed a two-headed ogre
  9747 | D:10     | Entered Level 10 of the Dungeon
  9945 | D:10     | Reached skill level 7 in Fighting
  9959 | D:10     | Noticed an unseen horror
  9962 | D:10     | Killed an unseen horror
  9962 | D:10     | Reached skill level 10 in Unarmed Combat
  9962 | D:10     | Reached skill level 7 in Spellcasting
 10026 | D:10     | Reached skill level 3 in Dodging
 10231 | D:10     | Received a gift from Yredelemnul (a wight)
 10368 | D:10     | Reached XP level 11. HP: 84/84 MP: 15/21
 10476 | D:11     | Reached skill level 5 in Invocations
 10477 | D:11     | Received a gift from Yredelemnul (a vampire)
 10478 | D:11     | Reached skill level 4 in Dodging
 10620 | D:11     | Noticed a two-headed ogre
 10628 | D:11     | Killed a two-headed ogre
 10628 | D:11     | Reached skill level 8 in Fighting
 10764 | D:11     | Noticed a death knight
 10772 | D:11     | Noticed a skeletal warrior
 10790 | D:11     | HP: 21/103 [??? (15)]
 10799 | D:11     | HP: 15/103 [??? (10)]
 10801 | D:11     | HP: 4/103 [death knight/glaive (12)]
 11020 | D:11     | Noticed a two-headed ogre
 11031 | D:11     | Killed a two-headed ogre
 11061 | D:11     | Reached skill level 5 in Dodging
 11076 | D:11     | Received a gift from Yredelemnul (a vampire)
 11108 | D:11     | Reached skill level 6 in Invocations
 11117 | D:11     | Found a staircase to the Lair.
 11166 | D:11     | Killed a skeletal warrior
 11303 | D:11     | Killed a death knight
 11314 | D:11     | Noticed a white ugly thing
 11321 | D:11     | HP: 22/104 [white ugly thing (6)]
 11335 | D:11     | Killed a white ugly thing
 11335 | D:11     | Reached skill level 6 in Dodging
 11395 | D:11     | Noticed Maurice
 11414 | D:11     | Killed Maurice
 11439 | D:11     | Learned a level 5 spell: Blade Hands
 11620 | D:11     | Reached skill level 9 in Fighting
 11620 | D:11     | Received a gift from Yredelemnul (a phantasmal warrior)
 11796 | D:11     | Noticed an unseen horror
 11799 | D:11     | Killed an unseen horror
 11821 | D:11     | Found a staircase to the Orcish Mines.
 11853 | D:11     | Reached ****** piety under Yredelemnul
 11863 | D:11     | Noticed a deep elf mage
 11869 | D:11     | Killed a deep elf mage
 11935 | D:11     | Reached skill level 7 in Invocations
 12103 | D:11     | Noticed a green ugly thing
 12120 | D:11     | Killed a green ugly thing
 12155 | Lair:1   | Entered Level 1 of the Lair of Beasts
 12232 | Lair:1   | Reached skill level 7 in Dodging
 12312 | Lair:1   | Reached XP level 12. HP: 73/95 MP: 22/22
 13266 | Lair:2   | Found a hole to the Spider Nest.
 13281 | Lair:2   | HP: 29/116 [poisoned by a redback]
 13471 | Lair:2   | Reached skill level 8 in Dodging
 13475 | Lair:2   | Received a gift from Yredelemnul (a phantasmal warrior)
 13528 | Lair:2   | Noticed a five-headed hydra
 13535 | Lair:2   | Killed a five-headed hydra
 13535 | Lair:2   | Reached skill level 7 in Transmutations
 13572 | Lair:2   | Reached skill level 10 in Fighting
 13757 | Lair:2   | Reached skill level 1 in Armour
 14099 | Lair:2   | Reached skill level 2 in Armour
 14327 | Lair:3   | Found a dark tunnel.
 14574 | Lair:3   | Found a staircase to the Swamp.
 14579 | Lair:3   | Reached skill level 8 in Transmutations
 14582 | Lair:3   | Received a gift from Yredelemnul (3 flying skulls)
 14941 | Lair:3   | Reached skill level 3 in Armour
 15107 | Lair:3   | Reached skill level 11 in Unarmed Combat
 15162 | Lair:3   | Got a slimy leather armour
 15173 | Lair:3   | Identified the +2 leather armour of the Rose {rN+ Dex+4} (You found it on level 3 of the Lair of Beasts)
 15347 | Lair:4   | Noticed a six-headed hydra
 15356 | Lair:4   | Killed a six-headed hydra
 15474 | Lair:4   | Noticed a five-headed hydra
 15484 | Lair:4   | Killed a five-headed hydra
 15494 | Lair:4   | Reached XP level 13. HP: 99/103 MP: 18/23
 15679 | Lair:4   | Reached skill level 4 in Armour
 15679 | Lair:4   | Reached skill level 9 in Transmutations
 16391 | Lair:5   | Received a gift from Yredelemnul (a vampire)
 16794 | Lair:5   | Found a viscous altar of Jiyva.
 16795 | Lair:5   | Found a staircase to the Slime Pits.
 16804 | Lair:5   | Noticed Nessos
 16805 | Lair:5   | Noticed Nessos
 16805 | Lair:5   | Nessos changed into Nessos the shock serpent
 16813 | Lair:5   | Killed Nessos the shock serpent
 16903 | Lair:5   | Received a gift from Yredelemnul (a wraith)
 16967 | Lair:5   | Reached skill level 1 in Evocations
 17471 | Lair:6   | Entered Level 6 of the Lair of Beasts
 17482 | Lair:5   | Reached skill level 10 in Transmutations
 17596 | Lair:6   | Reached skill level 12 in Unarmed Combat
 17628 | Lair:5   | Reached skill level 2 in Evocations
 17935 | Lair:6   | Received a gift from Yredelemnul (a phantasmal warrior)
 18074 | Lair:6   | Reached skill level 9 in Dodging
 18215 | Lair:6   | Reached skill level 3 in Evocations
 18237 | Lair:6   | Noticed a dire elephant
 18243 | Lair:6   | Killed a dire elephant
 18458 | Lair:6   | Got a pair of dazzling boots
 18810 | Lair:6   | Reached XP level 14. HP: 97/110 MP: 15/24
 18826 | Lair:6   | Identified the cursed -2 pair of boots "Xudobeest" {rC+} (You found it on level 6 of the Lair of Beasts)
 18932 | Lair:6   | Reached skill level 4 in Evocations
 18943 | Lair:6   | Received a gift from Yredelemnul (a skeletal warrior)
 19050 | Lair:6   | Reached skill level 11 in Transmutations
 19469 | Lair:5   | Noticed an azure jelly
 19667 | D:12     | Reached skill level 10 in Dodging
 19782 | D:12     | Found Ifatan's Antique Armour Shoppe.
 19791 | D:12     | Bought an encrusted leather armour for 217 gold pieces
 19801 | D:12     | Identified the +1 leather armour "Damul" {Str+4 Int-3 Stlth+} (You bought it in a shop on level 12 of the Dungeon)
 19884 | D:12     | Found a white marble altar of Elyvilon.
 20214 | D:13     | Reached skill level 13 in Unarmed Combat
 20364 | D:13     | Received a gift from Yredelemnul (a vampire knight)
 20458 | D:13     | Reached skill level 5 in Evocations
 20587 | D:13     | Found Oreocucet's Gadget Shoppe.
 21142 | D:14     | Received a gift from Yredelemnul (a wraith)
 21143 | D:14     | Found Sateeq's Armour Shop.
 21526 | D:14     | Upgraded the game from 0.21-a0-153-g78480df to 0.21-a0-154-gb5400c9
 21767 | D:14     | Found a gate to the Vaults.
 21776 | D:14     | Reached skill level 11 in Dodging
 21780 | D:14     | Reached skill level 6 in Evocations
 22618 | D:15     | Entered Level 15 of the Dungeon
 22674 | D:15     | Reached skill level 8 in Spellcasting
 22674 | D:15     | Received a gift from Yredelemnul (a phantasmal warrior)
 22739 | D:15     | Found a frozen archway.
 22756 | D:15     | Reached XP level 15. HP: 42/115 MP: 27/27
 22762 | D:15     | HP: 22/115 [two-headed ogre/giant club (8)]
 22784 | IceCv    | Entered an ice cave
 23500 | IceCv    | Got a faintly glowing plate armour
 23508 | IceCv    | Got an encrusted dagger
 23614 | D:15     | Identified a +0 pair of boots of running (You found it in an ice cave)
 23706 | D:15     | Found a staircase to the Depths.
 23706 | D:15     | Noticed a fire giant
 23774 | D:15     | Reached skill level 14 in Unarmed Combat
 23778 | D:15     | Received a gift from Yredelemnul (a bone dragon)
 23999 | D:15     | Killed a fire giant
 23999 | D:15     | Reached skill level 9 in Spellcasting
 24473 | Orc:1    | Entered Level 1 of the Orcish Mines
 24496 | Orc:1    | Found Orchur's Armour Shop.
 24533 | Orc:1    | Found Legeh's Weapon Shop.
 25145 | Orc:2    | Entered Level 2 of the Orcish Mines
 25145 | Orc:2    | Found Ilighie's Armour Shop.
 25145 | Orc:2    | Found Nyfoxutt's Gadget Boutique.
 25154 | Orc:2    | Bought the +2 helmet of the Jolly Tables {MR+ Int+2} for 563 gold pieces
 25228 | Orc:1    | Reached skill level 5 in Armour
 25244 | Orc:1    | Found Vonimp's Distillery.
 25266 | Orc:1    | Found Noun's Armour Emporium.
 25468 | Orc:2    | Received a gift from Yredelemnul (a flayed ghost)
 25525 | Orc:2    | Found a staircase to the Elven Halls.
 25541 | Orc:2    | Found Wetet's Book Boutique.
 25610 | Orc:2    | Found Lapnidie's Book Shoppe.
 25673 | Orc:2    | Noticed Saint Roka
 25699 | Orc:2    | HP: 18/115 [Saint Roka/divine providence (14)]
 25701 | Orc:2    | HP: 7/115 [Saint Roka/divine providence (11)]
 25714 | Orc:2    | HP: 23/138 [orc priest/divine providence[Saint Roka] (16)]
 26233 | Orc:2    | Received a gift from Yredelemnul (a ghoul)
 26250 | Orc:2    | Paralysed by an orc sorcerer for 2 turns
 26254 | Orc:2    | Killed Saint Roka
 26261 | Orc:2    | Found a roughly hewn altar of Beogh.
 26274 | Orc:2    | Found Homaynem's Antique Weapon Shop.
 26276 | Orc:2    | Received a gift from Yredelemnul (a vampire knight)
 26278 | Orc:2    | Found Ifrusad's General Store.
 26283 | Orc:2    | Found Derih's Jewellery Shop.
 26287 | Orc:2    | Found Cykheam's Antique Armour Shop.
 26320 | Orc:2    | Noticed Patate's ghost (adept MiBe)
 26331 | Orc:2    | Killed Patate's ghost
 26354 | Orc:2    | Received a gift from Yredelemnul (a vampire)
 26767 | Orc:2    | grisnicke: ??sda
 26767 | Orc:2    | beem: sds[1/1]: see {steam dragon scales} (eds), {swamp dragon scales} (wds), {storm dragon scales} (ods), or {shadow dragon scales} (hds)
 26767 | Orc:2    | grisnicke: ??swamp dragon scales
 26767 | Orc:2    | beem: swamp dragon scales[1/1]: 7AC, 7ER, rPois. Sometimes dropped by a {swamp dragon} when it dies.
 26767 | Orc:2    | grisnicke: ??ads
 26767 | Orc:2    | beem: acid dragon scales[1/1]: 6 AC, 5 ER, rCorr. Sometimes dropped by an {acid dragon} when it dies.
 26782 | Orc:2    | Bought an embroidered robe for 62 gold pieces
 26812 | Orc:2    | Bought a heavy robe for 96 gold pieces
 26822 | Orc:2    | Identified the +1 robe of Afaginy {*Slow +Fly Str+10 Int-5} (You bought it in a shop on level 2 of the Orcish Mines)
 26850 | Orc:2    | Bought a +4 amulet of reflection for 405 gold pieces
 27023 | Swamp:1  | Entered Level 1 of the Swamp
 27118 | Swamp:1  | Reached skill level 10 in Spellcasting
 27666 | Swamp:1  | Received a gift from Yredelemnul (a phantasmal warrior)
 28030 | Swamp:1  | Noticed Roxanne
 28370 | Swamp:1  | Noticed Josephine
 28374 | Swamp:1  | Killed Josephine
 28374 | Swamp:1  | Reached skill level 6 in Armour
 28399 | Swamp:1  | Killed Roxanne
 28404 | Swamp:1  | Identified Roxanne's Volume of Transmutation (You took it off Roxanne on level 1 of the Swamp)
 28738 | Swamp:1  | Found a snail-covered altar of Cheibriados.
 29332 | Swamp:2  | Reached skill level 8 in Invocations
 29562 | Swamp:2  | Received a gift from Yredelemnul (a phantasmal warrior)
 29819 | Swamp:2  | Reached skill level 15 in Unarmed Combat
 30128 | Swamp:3  | Noticed a thorn hunter
 30133 | Swamp:3  | Noticed Bai Suzhen
 30148 | Swamp:3  | Killed Bai Suzhen
 30148 | Swamp:3  | Reached XP level 16. HP: 96/122 MP: 16/30
 30167 | Swamp:3  | Killed a thorn hunter
 30171 | Swamp:3  | Noticed Nikola
 30174 | Swamp:3  | Received a gift from Yredelemnul (a ghoul)
 30183 | Swamp:3  | Killed Nikola
 30292 | Swamp:2  | Reached skill level 11 in Spellcasting
 30997 | Swamp:3  | Noticed Aizul
 31009 | Swamp:3  | Killed Aizul
 31009 | Swamp:3  | Reached skill level 7 in Armour
 31165 | Swamp:4  | Entered Level 4 of the Swamp
 31234 | Swamp:4  | Received a gift from Yredelemnul (a skeletal warrior)
 31248 | Swamp:4  | Noticed Louise
 31257 | Swamp:4  | Killed Louise
 31257 | Swamp:4  | Reached skill level 12 in Transmutations
 31681 | Swamp:4  | Noticed a thorn hunter
 31693 | Swamp:4  | Killed a thorn hunter
 32290 | Swamp:4  | Received a gift from Yredelemnul (a vampire)
 32500 | Swamp:4  | Noticed a thorn hunter
 32516 | Swamp:4  | HP: 23/147 [thorn hunter/volley of thorns (24)]
 32519 | Swamp:4  | Killed a thorn hunter
 32523 | Swamp:4  | HP: 21/147 [bog body/bolt of cold (5)]
 32881 | Swamp:4  | Received a gift from Yredelemnul (a profane servitor)
 33050 | Swamp:4  | Got a decaying rune of Zot
 33448 | Spider:1 | Entered Level 1 of the Spider Nest
 33457 | Spider:1 | Received a gift from Yredelemnul (a skeletal warrior)
 33496 | Spider:1 | HP: 30/124 [redback (2)]
 33498 | Spider:1 | Noticed Agnes
 33500 | Spider:1 | HP: 13/124 [redback (11)]
 33510 | Spider:1 | Killed Agnes
 33510 | Spider:1 | Reached skill level 13 in Transmutations
 33864 | Spider:1 | Reached skill level 11 in Fighting
 33951 | Spider:1 | Noticed Rupert
 33955 | Spider:1 | Noticed Asterion
 33965 | Spider:1 | Noticed an Executioner
 33967 | Spider:1 | Killed Rupert
 33975 | Spider:1 | Killed Asterion
 33992 | Spider:1 | Received a gift from Yredelemnul (a flayed ghost)
 34355 | Spider:1 | Reached XP level 17. HP: 90/131 MP: 32/32
 34362 | Spider:1 | Reached skill level 16 in Unarmed Combat
 34569 | Spider:1 | Received a gift from Yredelemnul (a skeletal warrior)
 35024 | Spider:2 | Identified a scroll of acquirement
 35025 | Spider:2 | Got a scorched lead ring
 35026 | Spider:2 | Identified the ring "Inoxux Divi" {rC+ MP+9 Int+2} (You acquired it on level 2 of the Spider Nest)
 35315 | Spider:2 | Noticed Arachne
 35339 | Spider:2 | Killed Arachne
 35340 | Spider:2 | Received a gift from Yredelemnul (a vampire knight)
 36434 | D:5      | Killed Duvessa
 36441 | D:5      | Killed Dowan
 36725 | Vaults:1 | Entered Level 1 of the Vaults
 37075 | Vaults:1 | Received a gift from Yredelemnul (a skeletal warrior)
 37253 | Vaults:1 | Reached skill level 14 in Transmutations
 37553 | Spider:2 | Reached skill level 12 in Fighting
 37954 | Spider:3 | Received a gift from Yredelemnul (a flayed ghost)
 38003 | Spider:3 | Received a gift from Yredelemnul (a vampire knight)
 38105 | Spider:3 | Received a gift from Yredelemnul (a skeletal warrior)
 38186 | Spider:3 | Reached skill level 9 in Invocations
 38281 | Spider:3 | Received a gift from Yredelemnul (a bone dragon)
 38679 | Spider:3 | Received a gift from Yredelemnul (a phantasmal warrior)
 38690 | Spider:3 | Received a gift from Yredelemnul (a skeletal warrior)
 38727 | Spider:2 | Reached skill level 10 in Invocations
 38772 | Spider:2 | Learned a level 2 spell: Blink
 38887 | Spider:3 | Received a gift from Yredelemnul (a vampire)
 38916 | Spider:3 | Received a gift from Yredelemnul (a vampire)
 38929 | Spider:3 | HP: 28/133 [jumping spider (11)]
 38934 | Spider:2 | HP: 25/133 [poisoned by a redback]
 38940 | Spider:2 | HP: 23/133 [poisoned by a redback]
 38945 | Spider:2 | HP: 23/133 [poisoned by a redback]
 38952 | Spider:2 | HP: 23/133 [poisoned by a redback]
 38960 | Spider:2 | HP: 24/133 [poisoned by a redback]
 39426 | Spider:3 | Received a gift from Yredelemnul (a flayed ghost)
 39645 | Spider:3 | Upgraded the game from 0.21-a0-154-gb5400c9 to 0.21-a0-155-gb8a8bae
 40269 | Vaults:1 | Reached skill level 12 in Spellcasting
 40374 | Vaults:1 | Reached XP level 18. HP: 87/140 MP: 34/34
 40545 | Vaults:1 | Reached skill level 1 in Translocations
 40551 | Vaults:1 | Reached skill level 11 in Invocations
 41185 | Spider:4 | Entered Level 4 of the Spider Nest
 41704 | Spider:4 | Reached skill level 2 in Translocations
 41734 | Spider:4 | Received a gift from Yredelemnul (a phantasmal warrior)
 42064 | Spider:4 | Received a gift from Yredelemnul (a vampire knight)
 42159 | Spider:4 | HP: 35/140 [redback (12)]
 42161 | Spider:4 | Reached skill level 3 in Translocations
 42168 | Spider:4 | HP: 31/140 [redback (4)]
 43059 | Spider:4 | Got a gossamer rune of Zot
 43124 | Spider:4 | Received a gift from Yredelemnul (a vampire)
 43400 | Orc:2    | Reached skill level 12 in Invocations
 43445 | Orc:2    | Bought a book of the Dragon for 1530 gold pieces
 43453 | Orc:2    | Learned a level 7 spell: Dragon Form
 43831 | Vaults:1 | Received a gift from Yredelemnul (a skeletal warrior)
 44200 | Vaults:2 | HP: 33/142 [vault warden/great mace (23)]
 44227 | Vaults:2 | Received a gift from Yredelemnul (a vampire)
 44255 | Vaults:2 | Received a gift from Yredelemnul (a phantasmal warrior)
 45187 | Vaults:2 | Reached skill level 13 in Fighting
 45198 | Vaults:2 | Received a gift from Yredelemnul (a flayed ghost)
 45524 | Vaults:3 | Noticed Boris
 45539 | Vaults:3 | Killed Boris
 45539 | Vaults:3 | Reached skill level 15 in Transmutations
 45539 | Vaults:3 | Reached XP level 19. HP: 41/149 MP: 35/35
 45548 | Vaults:3 | HP: 35/149 [white ugly thing (9)]
 45551 | Vaults:3 | HP: 10/149 [white ugly thing (16)]
 45714 | Vaults:3 | HP: 32/149 [ironheart preserver/great mace (8)]
 46144 | Vaults:3 | Received a gift from Yredelemnul (a ghoul)
 46332 | Vaults:3 | Noticed Sojobo
 46347 | Vaults:3 | Killed Sojobo
 46347 | Vaults:3 | Enslaved Sojobo
 46420 | Vaults:3 | Found a staircase to the Crypt.
 46427 | Vaults:3 | Reached skill level 14 in Fighting
 46459 | Vaults:3 | Received a gift from Yredelemnul (a vampire knight)
 46473 | Vaults:3 | Reached skill level 16 in Transmutations
 46474 | Vaults:3 | HP: 30/152 [vault warden/bolt (31)]
 46811 | Vaults:3 | Quit the game

Vault maps used:
D:1:      minmay_arrival_split_and_join
D:2:      yredelemnul_altar_generic
D:3:      roderic_digamma_sauvastika
D:4:      good_gods_temple_1, eat_drink_and_be_merry_uskayaw,
          lemuel_crystal_altar, nicolae_ossuary_entry_ruins, first_bread,
          dk_rats_in_the_wall
D:5:      minmay_misc_feat_tiny, serial_bayou_lagoon_a, uniq_duvessa
D:6:      minmay_temple_entry_statues_pillars, cheibrodos_sewer_entry_drain,
          serial_shops, shop, lexackson_kobold_supper
D:7:      xom_redecorated, nicolae_dithmenos_through_a_glass_darkly
D:8:      old_standard_altar, blue_anna_alchemist, nrook_loot_triangle,
          uniq_joseph
D:9:      lemuel_crystal_altar, nemelex_xobeh_ov_fountains_minmay
D:10:     eino_small_chamber_without_monster
D:11:     erik_lair_orcish_takeover, hiddenorc2_lemuel, uniq_maurice
D:12:     serial_shops, nicolae_shop_crystal, elyvilon_altar_1
D:13:     serial_shops, shop
D:14:     erik_vaults_2, minmay_holes, serial_shops, nicolae_shop_statue_plus
D:15:     grunt_enter_depths_giant_problem, wad_floor_pattern_untrapped,
          portal_ice_cave_entry_pillars_1, hangedman_decor_riveting
Lair:1:   minivault_24, grunt_forest_stairs_basic, grunt_megastairs_4
Lair:2:   nicolae_spider_entry_tight_spaces, serial_bayou_lagoon_b
Lair:3:   minmay_swamp_entry_swarm, nicolae_volcano_entry_lava_flow,
          lemuel_fruit_tree, minmay_lair_oklob_chamber
Lair:4:   serial_bayou_shore_b, serial_bayou_shore_a, infiniplex_staircase_pool
Lair:5:   slime_altar_1, serial_bayou_shore_b, grunt_megastairs_5, uniq_nessos
Lair:6:   gammafunk_lair_ancient_temple, st_stairs_11
Swamp:1:  nicolae_swamp_godswood, swamp_pool4, uniq_josephine, uniq_roxanne
Swamp:2:  evilmike_swamp_ruin_rubble_2, swamp_pool2, statue_in_the_mist_lemuel
Swamp:3:  cheibrodos_swamp_tower_of_moss, evilmike_swamp_ruin_house_4,
          uniq_nikola, uniq_aizul, uniq_bai_suzhen
Swamp:4:  swamp_basic_johnstein, uniq_louise
Spider:1: mumra_spider_spiderweb, uniq_asterion, uniq_agnes, uniq_rupert
Spider:2: uniq_arachne
Spider:3: nicolae_spider_mines_1, zaba_anthell
Spider:4: grunt_spider_rune_island, nicolae_spider_cling_ruins
Orc:1:    serial_shops, shop, nicolae_shop_waterfront, shop, nicolae_shop_stone,
          mines2_lemuel
Orc:2:    grunt_orc_cross, serial_shops, shop, shop, shop, shop
Vaults:1: hangedman_vaults_corner_blocks, nicolae_vaults_alarming,
          nicolae_vaults_twisting_passages, vaults_standard_mumra_x,
          vaults_dpeg_diagonal, nicolae_vaults_angled_halls,
          grunt_vaults_diagonal, nicolae_vaults_little_squares_3,
          vaults_standard_mumra_enter_the_diamond, hangedman_vaults_trim,
          vaults_room_pools, vaults_dpeg_cross, vaults_room_pool,
          ontoclasm_vaults_twist
Vaults:2: ontoclasm_vaults_misaligned, nicolae_vaults_stairing_the_circle,
          nicolae_vaults_three_branches, ontoclasm_vaults_gallery,
          vaults_room_ringed_pool, hangedman_vaults_restitches,
          nicolae_vaults_triangles, hangedman_vaults_cutoff,
          nicolae_vaults_little_squares_4, vaults_room_pools,
          grunt_vaults_funnel, v_misc_15, vaults_dpeg_ring,
          nicolae_vaults_shelves_hall
Vaults:3: nicolae_vaults_little_ls, minmay_crypt_entry_simple_sparse,
          hangedman_vaults_corner, st_star, hangedman_vaults_unwind,
          vaults_dpeg_doors, v_misc_29, vaults_mumra_minichess_inversion,
          ontoclasm_vaults_chip, nicolae_vaults_windows_and_doors_thing,
          vaults_dpeg_encased_lava, uniq_boris, uniq_sojobo
Sewer:    sewer_co_scattered_pipes
Ossuary:  ossuary_tomb_2
IceCv:    ice_cave_tombish

Skill      XL: |  1  2  3  4  5  6  7  8  9 10 11 12 13 14 15 16 17 18 19 |
---------------+----------------------------------------------------------+-----
Fighting       | 1 2 3 5 7 9 10 11 12 13 14 | 14.1
Unarmed Combat | 4 5 6 7 8 10 11 12 13 15 16 | 16.5
Poison Magic   | 1 |  1.2
Transmutations | 3 4 6 8 10 11 13 14 15 16 | 16.0
Spellcasting   | 3 5 7 8 10 11 12 | 12.0
Ice Magic      | 1 2 4 |  4.0
Invocations    | 3 4 7 8 10 12 | 12.8
Dodging        | 3 7 8 9 11 | 11.9
Armour         | 3 4 6 7 |  7.2
Evocations     | 3 6 |  6.7
Translocations | 3 |  3.6

Action                   |  1- 3 |  4- 6 |  7- 9 | 10-12 | 13-15 | 16-18 | 19-21 || total
-------------------------+-------+-------+-------+-------+-------+-------+-------++-------
Melee: Unarmed           |   126 |   161 |   558 |   542 |  1079 |  1528 |   115 ||  4109
       Kick              |     5 |       |       |       |       |       |       ||     5
       Headbutt          |     9 |    30 |    28 |     1 |       |       |       ||    68
       Bite              |     8 |    30 |    58 |    10 |    66 |   155 |    13 ||   340
       Punch             |       |     5 |    21 |    10 |    43 |   104 |    11 ||   194
 Fire: Hunting sling     |       |    39 |    31 |     2 |       |       |       ||    72
       Blowgun           |       |       |     3 |    11 |    12 |   116 |       ||   142
Throw: Javelin           |     3 |     2 |     6 |       |       |     4 |       ||    15
 Cast: Beastly Appendage |    30 |    13 |    16 |     5 |       |       |       ||    64
       Sticks to Snakes  |     5 |    17 |    18 |    18 |    35 |    18 |       ||   111
       Spider Form       |       |       |     9 |     2 |     3 |       |       ||    14
       Ice Form          |       |       |    13 |    41 |    48 |    19 |       ||   121
       Ozocubu's Armour  |       |       |     4 |       |       |       |       ||     4
       Blade Hands       |       |       |       |       |    48 |    24 |     7 ||    79
       Dragon Form       |       |       |       |       |       |       |     1 ||     1
Invok: Animate Dead      |       |       |    17 |    37 |    75 |    56 |     5 ||   190
       Recall Undead Sla |       |       |       |     3 |     6 |    31 |     1 ||    41
       Enslave Soul      |       |       |       |       |     1 |     6 |     1 ||     8
       Drain Life        |       |       |       |       |       |     2 |     5 ||     7
       Stop Recall       |       |       |       |       |       |     1 |       ||     1
 Abil: End Transformatio |       |       |     1 |     4 |    14 |    10 |       ||    29
       Bat Form          |       |       |     1 |       |       |     1 |       ||     2
Evoke: Wand              |       |       |       |     1 |    18 |    13 |       ||    32
       Lamp of fire      |       |       |       |       |     1 |     1 |       ||     2
  Use: Scroll            |     2 |     6 |    10 |    11 |    20 |    12 |       ||    61
       Potion            |       |     3 |     7 |     5 |    33 |    30 |     4 ||    82
 Stab: Distracted        |     1 |     1 |     1 |    10 |    15 |    23 |     3 ||    54
       Sleeping          |     1 |     1 |     6 |       |     2 |     4 |       ||    14
       Invisible         |       |       |       |       |     3 |       |       ||     3
       Paralysed         |       |       |       |       |       |     5 |     2 ||     7
  Eat: Corpse            |     8 |     1 |    24 |    23 |    42 |    32 |     7 ||   137
Armor: Robe              |     4 |       |     8 |     6 |       |       |       ||    18
       Leather armour    |    20 |    26 |    41 |       |    71 |       |       ||   158
       Skin              |       |       |    23 |   126 |    87 |    53 |     2 ||   291
       Troll leather arm |       |       |       |    17 |       |       |       ||    17
       Acid dragon scale |       |       |       |       |    66 |   588 |    28 ||   682
       Swamp dragon scal |       |       |       |       |    12 |     1 |       ||    13
Dodge: Dodged            |    72 |    52 |   194 |   271 |   710 |  1288 |    68 ||  2655
Block: Other             |       |       |       |       |    20 |   258 |    12 ||   290
       Reflection        |       |       |       |       |       |     3 |     2 ||     5

Vault maps used:
D:1:      minmay_arrival_split_and_join
D:2:      yredelemnul_altar_generic
D:3:      roderic_digamma_sauvastika
D:4:      good_gods_temple_1, eat_drink_and_be_merry_uskayaw,
          lemuel_crystal_altar, nicolae_ossuary_entry_ruins, first_bread,
          dk_rats_in_the_wall
D:5:      minmay_misc_feat_tiny, serial_bayou_lagoon_a, uniq_duvessa
D:6:      minmay_temple_entry_statues_pillars, cheibrodos_sewer_entry_drain,
          serial_shops, shop, lexackson_kobold_supper
D:7:      xom_redecorated, nicolae_dithmenos_through_a_glass_darkly
D:8:      old_standard_altar, blue_anna_alchemist, nrook_loot_triangle,
          uniq_joseph
D:9:      lemuel_crystal_altar, nemelex_xobeh_ov_fountains_minmay
D:10:     eino_small_chamber_without_monster
D:11:     erik_lair_orcish_takeover, hiddenorc2_lemuel, uniq_maurice
D:12:     serial_shops, nicolae_shop_crystal, elyvilon_altar_1
D:13:     serial_shops, shop
D:14:     erik_vaults_2, minmay_holes, serial_shops, nicolae_shop_statue_plus
D:15:     grunt_enter_depths_giant_problem, wad_floor_pattern_untrapped,
          portal_ice_cave_entry_pillars_1, hangedman_decor_riveting
Lair:1:   minivault_24, grunt_forest_stairs_basic, grunt_megastairs_4
Lair:2:   nicolae_spider_entry_tight_spaces, serial_bayou_lagoon_b
Lair:3:   minmay_swamp_entry_swarm, nicolae_volcano_entry_lava_flow,
          lemuel_fruit_tree, minmay_lair_oklob_chamber
Lair:4:   serial_bayou_shore_b, serial_bayou_shore_a, infiniplex_staircase_pool
Lair:5:   slime_altar_1, serial_bayou_shore_b, grunt_megastairs_5, uniq_nessos
Lair:6:   gammafunk_lair_ancient_temple, st_stairs_11
Swamp:1:  nicolae_swamp_godswood, swamp_pool4, uniq_josephine, uniq_roxanne
Swamp:2:  evilmike_swamp_ruin_rubble_2, swamp_pool2, statue_in_the_mist_lemuel
Swamp:3:  cheibrodos_swamp_tower_of_moss, evilmike_swamp_ruin_house_4,
          uniq_nikola, uniq_aizul, uniq_bai_suzhen
Swamp:4:  swamp_basic_johnstein, uniq_louise
Spider:1: mumra_spider_spiderweb, uniq_asterion, uniq_agnes, uniq_rupert
Spider:2: uniq_arachne
Spider:3: nicolae_spider_mines_1, zaba_anthell
Spider:4: grunt_spider_rune_island, nicolae_spider_cling_ruins
Orc:1:    serial_shops, shop, nicolae_shop_waterfront, shop, nicolae_shop_stone,
          mines2_lemuel
Orc:2:    grunt_orc_cross, serial_shops, shop, shop, shop, shop
Vaults:1: hangedman_vaults_corner_blocks, nicolae_vaults_alarming,
          nicolae_vaults_twisting_passages, vaults_standard_mumra_x,
          vaults_dpeg_diagonal, nicolae_vaults_angled_halls,
          grunt_vaults_diagonal, nicolae_vaults_little_squares_3,
          vaults_standard_mumra_enter_the_diamond, hangedman_vaults_trim,
          vaults_room_pools, vaults_dpeg_cross, vaults_room_pool,
          ontoclasm_vaults_twist
Vaults:2: ontoclasm_vaults_misaligned, nicolae_vaults_stairing_the_circle,
          nicolae_vaults_three_branches, ontoclasm_vaults_gallery,
          vaults_room_ringed_pool, hangedman_vaults_restitches,
          nicolae_vaults_triangles, hangedman_vaults_cutoff,
          nicolae_vaults_little_squares_4, vaults_room_pools,
          grunt_vaults_funnel, v_misc_15, vaults_dpeg_ring,
          nicolae_vaults_shelves_hall
Vaults:3: nicolae_vaults_little_ls, minmay_crypt_entry_simple_sparse,
          hangedman_vaults_corner, st_star, hangedman_vaults_unwind,
          vaults_dpeg_doors, v_misc_29, vaults_mumra_minichess_inversion,
          ontoclasm_vaults_chip, nicolae_vaults_windows_and_doors_thing,
          vaults_dpeg_encased_lava, uniq_boris, uniq_sojobo
Sewer:    sewer_co_scattered_pipes
Ossuary:  ossuary_tomb_2
IceCv:    ice_cave_tombish

Table legend:
 A = Turns spent in this place as a percentage of turns spent in the entire game.
 B = Non-inter-level travel turns spent in this place as a percentage of non-inter-level travel turns spent in the entire game.
 C = Inter-level travel turns spent in this place as a percentage of turns spent in this place.
 D = Turns resting spent in this place as a percentage of non-inter-level travel turns spent in this place.
 E = Turns spent auto-exploring this place as a percentage of non-inter-level travel turns spent in this place.
 F = Non-inter-level travel turns spent in this place divided by the number of levels of this place that you've seen.
                   A       B       C       D       E      F
               +-------+-------+-------+-------+-------+----------------------
         Total | 100.0 | 100.0 |   0.5 |   1.6 |   2.1 | 560.1
       Dungeon |  27.6 |  27.6 |   0.6 |   1.7 |   3.9 | 381.2
          Lair |  15.4 |  15.3 |   0.7 |   2.5 |   2.4 | 530.2
         Swamp |  14.2 |  14.3 |   0.2 |   1.9 |   1.1 | 740.0
   Spider Nest |  18.6 |  18.6 |   0.4 |   0.6 |   1.2 | 963.2
  Orcish Mines |   6.2 |   6.2 |   0.7 |   0.7 |   2.3 | 642.5
        Vaults |  12.2 |  12.2 |   0.7 |   1.5 |   0.9 | 839.3
         Sewer |   2.6 |   2.6 |   0.0 |   0.9 |   1.1 | 549.0
       Ossuary |   1.6 |   1.6 |   0.0 |   7.7 |   0.0 | 339.0
      Ice Cave |   1.5 |   1.5 |   0.0 |   1.9 |   0.0 | 321.0
               +-------+-------+-------+-------+-------+----------------------

Table legend:
 A = Kills in this place as a percentage of kills in entire the game.
 B = Kills by you in this place as a percentage of kills by you in the entire game.
 C = Kills by friends in this place as a percentage of kills by friends in the entire game.
 D = Other kills in this place as a percentage of other kills in the entire game.
 E = Experience gained in this place as a percentage of experience gained in the entire game.
 F = Experience gained in this place divided by the number of levels of this place that you have seen.
                   A       B       C       D       E      F
               +-------+-------+-------+-------+-------+----------------------
         Total | 100.0 | 100.0 | 100.0 | 100.0 | 100.0 | 11451.3
       Dungeon |  28.1 |  35.7 |  15.6 |   0.0 |  16.0 | 4512.9
          Lair |  12.5 |  12.3 |  12.9 |   0.0 |  11.4 | 8040.7
         Swamp |  10.1 |   8.4 |  12.9 |  50.0 |  15.0 | 15869.0
   Spider Nest |  22.5 |  15.9 |  33.6 |   0.0 |  24.3 | 25731.0
  Orcish Mines |   7.2 |   7.9 |   6.1 |   0.0 |   3.7 | 7806.0
        Vaults |  14.4 |  12.6 |  17.5 |  50.0 |  28.6 | 40368.7
         Sewer |   1.3 |   2.1 |   0.0 |   0.0 |   0.0 | 168.0
       Ossuary |   2.5 |   3.2 |   1.4 |   0.0 |   0.1 | 525.0
      Ice Cave |   1.2 |   1.9 |   0.0 |   0.0 |   0.9 | 3948.0
               +-------+-------+-------+-------+-------+----------------------
